[Event "*** SCC Grand Prix: Titled Tuesday Blitz"]
[Site "Chess.com"]
[Date "2020.10.13"]
[Round "10"]
[White "Kildepiotr"]
[Black "venus02"]
[Result "1-0"]
[WhiteElo "2658"]
[BlackElo "2508"]
[TimeControl "180+1"]
[EndTime "11:54:00 PDT"]
[Termination "Kildepiotr won by resignation"]

1. Nf3 Nf6 2. g3 e6 3. Bg2 d5 4. O-O Be7 5. d3 O-O 6. Nbd2 c5 7. e4 Nc6 8. Qe2 b5 9. e5 Nd7 10. c3 Qc7 11. Re1 Bb7 12. h4 Rfc8 13. Nf1 h6 14.
Bf4 Qd8 15. h5 a5 16. g4 b4 17. c4 Nb6 18. b3 Nd4 19. Nxd4 cxd4 20. Nd2 Bg5 21.
Bxg5 Qxg5 22. Rac1 a4 23. cxd5 Bxd5 24. Rxc8+ Rxc8 25. Nc4 Bxg2 26. Kxg2 Nd5 27. Qf3 axb3 28. axb3 Ra8 29.
Re4 Qc1 30. Nd6 f5 31. exf6 Ra1 32. f7+ Kf8 33. Kh3 Qf1+ 34. Qg2 Qxd3+ 35. Kh2 Qc3 36. Rxe6 Qc6 37. Re8+ 1-0

[Event "*** SCC Grand Prix: Titled Tuesday Blitz"]
[Site "Chess.com"]
[Date "2020.10.13"]
[Round "10"]
[White "TimofeevAr"]
[Black "Mazetovic"]
[Result "1/2-1/2"]
[WhiteElo "2804"]
[BlackElo "2641"]
[TimeControl "180+1"]
[EndTime "11:54:05 PDT"]
[Termination "Game drawn by repetition"]

1. Nf3 Nf6 2. d3 g6 3. Nc3 Bg7 4. e4 O-O 5. Be3 d6 6. Qd2 c5 7. Bh6 Nc6 8. Bxg7 Kxg7 9. d4 cxd4 10. Nxd4 Qb6 11. Nb3 a5 12. O-O-O a4 13. Nd4 a3 14. b3 Nb4 15. Kb1 Bd7 16. f3 Rfc8 17.
Bb5 Rc5 18. Bxd7 Nxd7 19. Nd5 Nxd5 20. exd5 Ne5 21. Qe3 Kg8 22. f4 Ng4 23. Qxe7 Nf2 24. Ne6 Nxd1 25. Rxd1 fxe6 26. Qxe6+ Kf8 27. Qf6+ Kg8 28.
Qe6+ Kg7 29. Qe7+ Kg8 30. Qe6+ 1/2-1/2

[Event "*** SCC Grand Prix: Titled Tuesday Blitz"]
[Site "Chess.com"]
[Date "2020.10.13"]
[Round "10"]
[White "Stouuf"]
[Black "nrvisakh"]
[Result "1-0"]
[WhiteElo "2622"]
[BlackElo "2781"]
[TimeControl "180+1"]
[EndTime "11:54:05 PDT"]
[Termination "Stouuf won on time"]

1. e4 c5 2. Nf3 Nc6 3. Bb5 g6 4. Bxc6 dxc6 5. d3 Bg7 6. h3 e5 7.
Be3 b6 8. Qd2 Qd6 9. Qc3 Ne7 10.
Nbd2 f6 11. a3 O-O 12. b4 cxb4 13. axb4 Be6 14. O-O g5 15. Nc4 Qc7 16. Ra6 Nd5 17. exd5 cxd5 18. Rfa1 dxc4 19. Bxb6 Qb7 20. Bc5 Rfe8 21.
Rxa7 Rxa7 22. Rxa7 Qb5 23. d4 e4 24. Nd2 Bd5 25. Nf1 Ra8 26. Rxa8+ Bxa8 27. Ne3 Qa4 28. d5 f5 29. Qxc4 Qa1+ 30. Kh2 Be5+ 31. g3 f4 32. d6+ Kh8 33. d7 fxg3+ 34. fxg3 1-0

[Event "*** SCC Grand Prix: Titled Tuesday Blitz"]
[Site "Chess.com"]
[Date "2020.10.13"]
[Round "10"]
[White "esrosenberg"]
[Black "WonderChampion"]
[Result "1-0"]
[WhiteElo "2288"]
[BlackElo "2037"]
[TimeControl "180+1"]
[EndTime "11:54:06 PDT"]
[Termination "esrosenberg won by resignation"]

1. Nf3 e6 2. c4 d5 3. d4 dxc4 4.
Qa4+ Bd7 5. Qxc4 Bc6 6. Nc3 Nd7 7. e4 Nb6 8. Qd3 Nf6 9. a3 Be7 10. Bf4 O-O 11. h3 Re8 12. Rd1 Nfd7 13. Be2 f6 14. d5 exd5 15. exd5 Ba4 16. Nxa4 Nxa4 17. d6 cxd6 18.
Qc4+ Kh8 19. Qxa4 Nc5 20. Qc2 Bf8 21. O-O Qb6 22. Be3 Rac8 23. b4 Ne4 24. Qxc8 Rxc8 25.
Bxb6 axb6 26. Rc1 Re8 27. Bb5 Rd8 28. Nd4 d5 29. Ne6 Rb8 30. f3 Nd2 31. Rfe1 Nb3 32. Rc7 g6 33. Nxf8 Rxf8 34. Rxb7 Nd4 35. Bd3 Nc6 36.
Rc7 Ne5 37. Bb1 d4 38. f4 1-0

[Event "*** SCC Grand Prix: Titled Tuesday Blitz"]
[Site "Chess.com"]
[Date "2020.10.13"]
[Round "10"]
[White "VladaSviridova"]
[Black "tteshan"]
[Result "0-1"]
[WhiteElo "2259"]
[BlackElo "2383"]
[TimeControl "180+1"]
[EndTime "11:54:08 PDT"]
[Termination "tteshan won by checkmate"]

1. d4 d5 2. c4 dxc4 3. Nf3 Nf6 4. e3 Bg4 5. Bxc4 e6 6. h3 Bh5 7. Nc3 a6 8. g4 Bg6 9. Ne5 Nbd7 10. Nxg6 hxg6 11. Kf1 Nb6 12. Bb3 c5 13. dxc5 Bxc5 14.
Kg2 Qxd1 15. Bxd1 Ke7 16. Bf3 Rab8 17. a3 Nfd7 18. b4 Bd6 19. Ne4 Be5 20. Rb1 Nc4 21. a4 b5 22. a5 Rbc8 23. Nd2 Nxd2 24. Bxd2 Rc2 25. Rhd1 Bd6 26. Be1 Ne5 27. Bb7 Nc4 28. Be4 Nxe3+ 29. Kf3 Rxh3# 0-1

[Event "*** SCC Grand Prix: Titled Tuesday Blitz"]
[Site "Chess.com"]
[Date "2020.10.13"]
[Round "10"]
[White "ailime26"]
[Black "Kapibara_Warri0r"]
[Result "1-0"]
[WhiteElo "1895"]
[BlackElo "2065"]
[TimeControl "180+1"]
[EndTime "11:54:08 PDT"]
[Termination "ailime26 won by resignation"]

1. e4 e5 2. Nf3 Nc6 3. Nc3 Nf6 4. d4 exd4 5. Nxd4 Bb4 6. Nxc6 bxc6 7. Bd3 d6 8. O-O Be6 9. Bg5 h6 10. Bxf6 Qxf6 11.
f4 g5 12. f5 Bd7 13. Qd2 h5 14. a3 Bc5+ 15. Kh1 g4 16. Rae1 Bd4 17. Qf4 Be5 18.
Qd2 Qh4 19. g3 Bxg3 20. Re2 Be5 21. Nd1 g3 22. Ne3 Rg8 23. Rg2 Kf8 24. Nc4 Bf6 25.
e5 Bxe5 26. Nxe5 dxe5 27. f6 Qg5 28. Qb4+ 1-0

[Event "*** SCC Grand Prix: Titled Tuesday Blitz"]
[Site "Chess.com"]
[Date "2020.10.13"]
[Round "10"]
[White "djano"]
[Black "TheMagnet"]
[Result "1-0"]
[WhiteElo "2475"]
[BlackElo "2580"]
[TimeControl "180+1"]
[EndTime "11:54:10 PDT"]
[Termination "djano won by resignation"]

1. d4 Nf6 2. Nf3 g6 3. Bf4 Bg7 4. Nbd2 O-O 5. c3 d6 6. h3 c5 7. dxc5 dxc5 8. e4 Nc6 9. Bh2 b6 10.
e5 Nd5 11. Qa4 Bb7 12. Bb5 Qc8 13. O-O a6 14. Be2 Qf5 15. Rfe1 Nxe5 16. Nxe5 Bxe5 17.
Bxe5 Qxe5 18. Bf3 Qc7 19. Qh4 Nf6 20. Re3 Rad8 21. Nf1 Kg7 22. Rae1 Bxf3 23. Rxf3 c4 24. Ng3 Rd5 25. Ne4 Nxe4 26. Qxe4 e6 27. Qh4 Rfd8 28. Qf6+ Kg8 29. g3 Rd1 30. Re3 Rxe1+ 31. Rxe1 b5 32. Re4 Qd6 33. Rd4 1-0

[Event "*** SCC Grand Prix: Titled Tuesday Blitz"]
[Site "Chess.com"]
[Date "2020.10.13"]
[Round "10"]
[White "Witik"]
[Black "Korchmar_Vasiliy"]
[Result "1-0"]
[WhiteElo "2746"]
[BlackElo "2592"]
[TimeControl "180+1"]
[EndTime "11:54:14 PDT"]
[Termination "Witik won on time"]

1. e4 c5 2. Nf3 d6 3. d4 cxd4 4. Nxd4 Nf6 5. Nc3 Nc6 6. Be2 e5 7. Nf3 h6 8. O-O Be7 9. Re1 O-O 10. b3 Bg4 11. Bb2 Rc8 12. Nd5 Nxe4 13. Nxe5 Bxe2 14. Nxc6 bxc6 15. Nxe7+ Qxe7 16. Rxe2 d5 17. f3 f5 18. fxe4 fxe4 19. Qd4 Rf5 20. Rf1 Rxf1+ 21. Kxf1 Rf8+ 22. Rf2 Re8 23. Ke2 Qg5 24. Qe3 Qh5+ 25. Kd2 Qxh2 26.
Bd4 a6 27. b4 Qh5 28. a3 Re6 29. Kc3 Rg6 30. Qf4 Kh7 31. Kb2 Qd1 32. Qe5 1-0

[Event "*** SCC Grand Prix: Titled Tuesday Blitz"]
[Site "Chess.com"]
[Date "2020.10.13"]
[Round "10"]
[White "Samantha_Ross"]
[Black "RamyresCoelho"]
[Result "1-0"]
[WhiteElo "2267"]
[BlackElo "2078"]
[TimeControl "180+1"]
[EndTime "11:54:15 PDT"]
[Termination "Samantha_Ross won by resignation"]

1. e4 c5 2. Nf3 d6 3. Bb5+ Nd7 4. d4 cxd4 5. Qxd4 a6 6. Bxd7+ Bxd7 7. Nc3 e5 8. Qd3 h6 9. Nd5 Nf6 10. Be3 Nxd5 11. Qxd5 Bc6 12. Qd3 Be7 13. Nd2 O-O 14. Nc4 b5 15. Nb6 Rb8 16. Nd5 Bxd5 17. Qxd5 Qc7 18.
c3 b4 19. c4 Rfc8 20. b3 a5 21.
O-O Qc6 22. Rad1 Qxd5 23. Rxd5 a4 24. Ra5 axb3 25. axb3 Ra8 26. Rfa1 Rxa5 27. Rxa5 Rb8 28. Bd2 Bg5 29. Be1 Kf8 30. Ra4 Ke7 31. Rxb4 Rxb4 32. Bxb4 Kd7 33. Kf1 g6 34. Ke2 f5 35. Bd2 Bxd2 36. Kxd2 fxe4 37. Ke3 Kc6 38. Kxe4 Kc5 39. Kd3 Kb4 40. Kc2 e4 41. Kb2 g5 42.
g4 Kc5 43. Kc3 d5 44. b4+ Kd6 45. cxd5 Kxd5 46. b5 Kc5 47. b6 Kxb6 48. Kd4 Kc6 49. Kxe4 Kd6 50. Kf5 Kd5 51. Kg6 Ke5 52. Kxh6 Kf4 53.
Kh5 Kf3 54. Kxg5 Kxf2 55. h4 1-0

[Event "*** SCC Grand Prix: Titled Tuesday Blitz"]
[Site "Chess.com"]
[Date "2020.10.13"]
[Round "10"]
[White "alejanchess73"]
[Black "jamalm2"]
[Result "1-0"]
[WhiteElo "2353"]
[BlackElo "1795"]
[TimeControl "180+1"]
[EndTime "11:54:17 PDT"]
[Termination "alejanchess73 won on time"]

1. e4 c5 2. Nf3 e6 3. d4 cxd4 4.
Nxd4 Nc6 5. Nc3 Qc7 6. g3 a6 7.
Nde2 Nf6 8. Bg2 b5 9. a3 Bb7 10. O-O Be7 11. h3 O-O 12. g4 h6 13. f4 Bc5+ 14. Kh1 b4 15. axb4 Nxb4 16. Ng3 d5 17.
e5 Ne4 18. Ncxe4 dxe4 19. c3 Nd3 20. Qe2 Nxc1 21. Raxc1 e3 22. b4 Ba7 23. c4 Bxg2+ 24.
Kxg2 Qb7+ 25. Kh2 Qxb4 26. f5 Rad8 27. Rc2 Rd2 28. Rxd2 Qxd2 29. Qxd2 exd2 30. Rd1 Be3 31. Kg2 Rc8 32. Nf1 Bg5 33. h4 Bxh4 34. Rxd2 Rxc4 35.
Ra2 Rxg4+ 36. Kh3 Rf4 37. fxe6 fxe6 38. Nd2 Bg5 39. Rxa6 Rd4 40. Nf3 Rd3 41. Kg4 Be3 42. Rxe6 1-0

[Event "*** SCC Grand Prix: Titled Tuesday Blitz"]
[Site "Chess.com"]
[Date "2020.10.13"]
[Round "10"]
[White "Oleksandr_Bortnyk"]
[Black "Supernotar"]
[Result "0-1"]
[WhiteElo "2887"]
[BlackElo "2857"]
[TimeControl "180+1"]
[EndTime "11:54:20 PDT"]
[Termination "Supernotar won by checkmate"]

1. e4 c6 2. d4 d5 3. Nc3 dxe4 4.
Nxe4 Bf5 5. Ng3 Bg6 6. f4 e6 7.
Nf3 Bd6 8. Bc4 Ne7 9. O-O O-O 10. Qe2 Qc7 11. Ne5 Nd7 12. c3 Nf6 13. h4 h6 14. f5 Nxf5 15. Nxf5 Bxf5 16. g4 Bxe5 17. gxf5 Bd6 18. Qg2 Kh8 19. fxe6 fxe6 20. Bxe6 Rae8 21. Bf5 Bg3 22. Bd2 Bxh4 23. Bf4 Qe7 24. Qg6 Qe2 25.
Bd6 Re3 26. Bc2 Bg5 27. Rxf6 Qg4+ 28. Kf2 Re2+ 29. Kf1 Qg2# 0-1

[Event "*** SCC Grand Prix: Titled Tuesday Blitz"]
[Site "Chess.com"]
[Date "2020.10.13"]
[Round "10"]
[White "kleopl"]
[Black "BikingBrian"]
[Result "1-0"]
[WhiteElo "2468"]
[BlackElo "2238"]
[TimeControl "180+1"]
[EndTime "11:54:21 PDT"]
[Termination "kleopl won by resignation"]

1. e4 c5 2. Nc3 Nc6 3. Bb5 Nd4 4. Bc4 a6 5. Nf3 b5 6. Bd5 Rb8 7. Nxd4 cxd4 8. Ne2 e6 9. Bb3 Bb7 10. d3 d5 11. Nxd4 dxe4 12. dxe4 Bxe4 13. O-O Bc5 14. Be3 Qb6 15. Nxe6 fxe6 16. Qh5+ Bg6 17. Qxc5 Qxc5 18.
Bxc5 Rc8 19. Bd4 Nf6 20. c3 a5 21. Bxe6 Rc6 22. Rfe1 Kd8 23. Rad1 Kc7 24. Be5+ Kb6 25. g3 Re8 26. Bd4+ Ka6 27. Bh3 Rd8 28. Re7 Rxd4 29. Rxd4 Ne4 30. Rdxe4 Bxe4 31. Rxe4 Rd6 32. Re6 Rxe6 33.
Bxe6 Kb6 34. Kf1 Kc5 35. Ke2 Kd6 36. Bg8 h6 37. Ke3 g5 38. f4 gxf4+ 39. Kxf4 1-0

[Event "*** SCC Grand Prix: Titled Tuesday Blitz"]
[Site "Chess.com"]
[Date "2020.10.13"]
[Round "10"]
[White "sergeikim"]
[Black "Region_07"]
[Result "1-0"]
[WhiteElo "2501"]
[BlackElo "2326"]
[TimeControl "180+1"]
[EndTime "11:54:24 PDT"]
[Termination "sergeikim won on time"]

1. d4 f5 2. c4 Nf6 3. g3 d6 4. Bg2 g6 5. Nf3 Bg7 6. O-O O-O 7. Nc3 c6 8. Re1 Ne4 9. Rb1 Nxc3 10. bxc3 e5 11. Ba3 e4 12. Nd2 Qe7 13. f3 e3 14.
Nf1 g5 15. f4 gxf4 16. gxf4 Bh6 17. Ng3 Bxf4 18. Rf1 Bh6 19. Qd3 f4 20. Ne4 Bf5 21. Bxd6 Qxd6 22. Nxd6 Bxd3 23. exd3 Nd7 24. Nxb7 e2 25.
Rf2 Rae8 26. Be4 f3 27. Nd6 Bd2 28. Nxe8 Rxe8 29. Rxf3 e1=Q+ 30. Rxe1 Bxe1 31. Bxc6 Rf8 32. Rf1 Rxf1+ 33. Kxf1 Nb8 34. Bd5+ Kf8 35. Kxe1 Ke7 36. Be4 h6 37. c5 Nd7 38. Ke2 Nf6 39. Kf3 1-0

[Event "*** SCC Grand Prix: Titled Tuesday Blitz"]
[Site "Chess.com"]
[Date "2020.10.13"]
[Round "10"]
[White "ftorodent"]
[Black "bazar-wokzal"]
[Result "1-0"]
[WhiteElo "2681"]
[BlackElo "2515"]
[TimeControl "180+1"]
[EndTime "11:54:25 PDT"]
[Termination "ftorodent won by resignation"]

1. d4 Nf6 2. c4 Nc6 3. Nf3 e6 4. a3 g6 5. Nc3 Bg7 6. e4 d5 7. e5 Ne4 8. Bd3 Nxc3 9. bxc3 dxc4 10. Bxc4 Na5 11. Ba2 c5 12. Bg5 Qc7 13. O-O h6 14.
Bf6 Bxf6 15. exf6 Qf4 16. d5 O-O 17. dxe6 Bxe6 18. Bxe6 fxe6 19. Re1 Qxf6 20. Qe2 Rae8 21. Qe3 g5 22. Rad1 b6 23. Ne5 Qf4 24. Qe2 Rf5 25. Qh5 Qxf2+ 26. Kh1 Ref8 27. Qg6+ Kh8 28. Qxh6+ Kg8 29. Qxe6+ Kg7 30. Rd7+ R8f7 31. Qg6+ Kh8 32. Nxf7+ Rxf7 33. Re8+ 1-0

[Event "*** SCC Grand Prix: Titled Tuesday Blitz"]
[Site "Chess.com"]
[Date "2020.10.13"]
[Round "10"]
[White "annacramling"]
[Black "KonstantinB_1983"]
[Result "0-1"]
[WhiteElo "2008"]
[BlackElo "2456"]
[TimeControl "180+1"]
[EndTime "11:54:29 PDT"]
[Termination "KonstantinB_1983 won on time"]

1. d4 Nf6 2. c4 b6 3. Nc3 Bb7 4. Qc2 d5 5. cxd5 Nxd5 6. e4 Nxc3 7. bxc3 e5 8. d5 c6 9. c4 Bb4+ 10. Bd2 Bxd2+ 11. Qxd2 cxd5 12. cxd5 Qd6 13. Nf3 O-O 14.
Bd3 Nd7 15. O-O Nc5 16. Rac1 a5 17. Rfd1 Rfc8 18. Bb5 Nxe4 19. Qe3 Rxc1 20. Qxc1 Nc5 21. Qe3 f6 22. Bc4 Bc8 23. Rb1 Bf5 24. Rc1 Rb8 25.
Nh4 Bd7 26. Be2 g6 27. Qh6 Qf8 28. Qe3 Kg7 29. Nf3 Qd6 30. Bc4 b5 31. Be2 Na4 32.
h3 b4 33. Qb3 Nc3 34. Bc4 a4 35. Qb2 Rc8 36. Nd2 Qc5 37. Bd3 Ne2+ 38. Bxe2 Qxc1+ 39. Qxc1 Rxc1+ 40. Kh2 Rc2 41. Nc4 Rxe2 42. Nb6 b3 43.
axb3 a3 0-1

[Event "*** SCC Grand Prix: Titled Tuesday Blitz"]
[Site "Chess.com"]
[Date "2020.10.13"]
[Round "10"]
[White "ZverevLev"]
[Black "MVM2008"]
[Result "1-0"]
[WhiteElo "2285"]
[BlackElo "2173"]
[TimeControl "180+1"]
[EndTime "11:54:29 PDT"]
[Termination "ZverevLev won on time"]

1. d4 Nf6 2. c4 e6 3. Nc3 Bb4 4. Qc2 d5 5. e3 O-O 6. Nf3 c5 7.
cxd5 cxd4 8. Nxd4 exd5 9. Bd3 Nc6 10. O-O Bd6 11. a3 a6 12. Nce2 Bd7 13. Bd2 Rc8 14. Bc3 Ne5 15. Bf5 Bxf5 16. Qxf5 Nc4 17. Nf3 Be7 18. Nf4 Nd6 19. Qb1 Nde4 20. Bd4 Bc5 21.
Bxc5 Rxc5 22. Qd3 Qc7 23. Nd4 Nd6 24. Nf5 Nxf5 25. Qxf5 Rc2 26. Nxd5 Nxd5 27. Qxd5 Rxb2 28. Rac1 Qb6 29. Rfd1 Qb3 30. Qd4 Qa2 31. Rc8 1-0

[Event "*** SCC Grand Prix: Titled Tuesday Blitz"]
[Site "Chess.com"]
[Date "2020.10.13"]
[Round "10"]
[White "barbara25"]
[Black "PetrolulSah"]
[Result "0-1"]
[WhiteElo "2231"]
[BlackElo "2173"]
[TimeControl "180+1"]
[EndTime "11:54:30 PDT"]
[Termination "PetrolulSah won by resignation"]

1. e4 e5 2. Nf3 Nf6 3. Nc3 Bb4 4.
d3 d5 5. exd5 Nxd5 6. Bd2 O-O 7.
Nxd5 Bxd2+ 8. Qxd2 Qxd5 9. Be2 Nc6 10. O-O Bg4 11. h3 Bh5 12. Qe3 Nd4 13. Nxd4 exd4 14.
Qd2 Bxe2 15. Qxe2 Rae8 16. Qd2 Re5 17. Qb4 c5 18. Qa5 a6 19. b3 Re2 20. Rac1 Rfe8 21. Qc7 h6 22. a4 Rd2 23. Rfd1 Ree2 24. Rxd2 Rxd2 25. Qf4 Re2 26. c3 dxc3 27. Rxc3 b5 28. axb5 axb5 29. Rc1 Qe5 30. Qxe5 Rxe5 31. Kf1 Kf8 32. Ra1 Ke7 33. Ra5 b4 34. Rb5 Kd6 35. Rb7 Rf5 36. Ke2 Kd5 37. Ke3 g5 38. f3 Re5+ 39. Kd2 f5 40. Rh7 Re6 41. Rf7 f4 42.
Rh7 Ra6 43. Kc1 Ra2 44. Rxh6 Rxg2 45. Rg6 Rg3 46. Kd2 Kd4 47. Rd6+ Ke5 48. Rg6 Rxf3 49. Rxg5+ Kd4 50. h4 Rxd3+ 51. Ke2 Re3+ 52. Kf2 Rxb3 53. Kg2 Ra3 54. h5 Ra7 55. h6 Rh7 56. Rg6 b3 57. Kf3 b2 58. Rb6 Kc3 59. Kxf4 Rxh6 60. Rb5 c4 61. Ke3 Kc2 0-1

[Event "*** SCC Grand Prix: Titled Tuesday Blitz"]
[Site "Chess.com"]
[Date "2020.10.13"]
[Round "10"]
[White "ShcufNaiRolf"]
[Black "Zq1"]
[Result "0-1"]
[WhiteElo "2326"]
[BlackElo "2518"]
[TimeControl "180+1"]
[EndTime "11:54:31 PDT"]
[Termination "Zq1 won by resignation"]

1. e4 c5 2. Nf3 d6 3. d4 cxd4 4. Nxd4 Nf6 5. Nc3 Nc6 6. Bg5 e6 7. Qd2 Be7 8. O-O-O O-O 9. f4 h6 10. h4 Nxd4 11. Qxd4 Qa5 12. Be2 e5 13. Qe3 exf4 14. Bxf4 Be6 15. g4 Rfc8 16. g5 Rxc3 17. bxc3 Qa3+ 18.
Kd2 Ng4 19. Bxg4 Bxg4 20. gxh6 Bxd1 21. Rxd1 Qc5 22. Rg1 Qxe3+ 23. Kxe3 g6 24. h5 Kh7 25. hxg6+ fxg6 26. Rd1 Rd8 27. c4 g5 28. Bg3 Kxh6 29.
Rd5 Kg6 30. Kf3 Kf7 31. Kg4 Ke6 32. e5 b6 33. exd6 Bxd6 34. Bf2 Be7 35. Rxd8 Bxd8 36. Be3 Be7 37. c5 bxc5 38. c4 Ke5 39. Bd2 Kd4 0-1

[Event "*** SCC Grand Prix: Titled Tuesday Blitz"]
[Site "Chess.com"]
[Date "2020.10.13"]
[Round "10"]
[White "Yashasd1995"]
[Black "FairChess_on_YouTube"]
[Result "0-1"]
[WhiteElo "2605"]
[BlackElo "2962"]
[TimeControl "180+1"]
[EndTime "11:54:32 PDT"]
[Termination "FairChess_on_YouTube won by resignation"]

1. b3 e5 2. Bb2 Nc6 3. e3 Nf6 4. Bb5 Bd6 5. Na3 Be7 6. Nc4 e4 7. d4 d5 8. Ne5 Bd7 9. Bxc6 Bxc6 10.
Nxc6 bxc6 11. Ne2 O-O 12. O-O Bd6 13. h3 Nh5 14. c4 Qh4 15. cxd5 cxd5 16. Nc3 c6 17. a4 f5 18. Ba3 Bxa3 19. Rxa3 Rf6 20. f4 Rg6 21. Rf2 Qxh3 22. Raa2 Qxe3 23. Ne2 Nf6 24. Qc1 Qh3 25. Qxc6 Rf8 26. Kf1 Qh1+ 27. Ng1 Ng4 28. Qxd5+ Kh8 29. Qc5 Rg8 30. d5 e3 31.
Rfc2 Nh2+ 32. Ke2 Qxg1 33. Kd3 Qd1+ 34. Kc4 Ng4 35. Kb4 h6 36. Ka3 Kh7 37. Rc4 Rd8 38.
Rd4 e2 39. Qe7 Qxd4 0-1

[Event "*** SCC Grand Prix: Titled Tuesday Blitz"]
[Site "Chess.com"]
[Date "2020.10.13"]
[Round "10"]
[White "KarstenHansch"]
[Black "icychess54"]
[Result "1-0"]
[WhiteElo "2448"]
[BlackElo "2274"]
[TimeControl "180+1"]
[EndTime "11:54:32 PDT"]
[Termination "KarstenHansch won on time"]

1. e4 c5 2. Nc3 e6 3. g3 Nc6 4. Bg2 Nf6 5. d3 d5 6. Nge2 dxe4 7. Nxe4 Nxe4 8. Bxe4 Qc7 9. O-O Be7 10. Bf4 Bd6 11. Bxd6 Qxd6 12. Qd2 O-O 13. Qf4 Qxf4 14. Nxf4 Bd7 15.
Bxc6 Bxc6 16. b3 b5 17. Rfe1 Rfd8 18. Re5 Bd5 19. Rae1 b4 20. Nxd5 exd5 21. Re7 c4 22. dxc4 dxc4 23. bxc4 Rdc8 24. Rb7 Rxc4 25. Rxa7 Rf8 26.
Rb1 Rb8 27. a3 g6 28. axb4 Rbxb4 29. Rxb4 Rxb4 30. Ra1 Kf8 31. Rc1 Ke7 32. c4 Kd6 33.
Kg2 Kc5 34. Kf3 Rxc4 35. Re1 Kd6 36. h4 h5 37. Re3 Kd7 38. Ke2 Rc6 39. Kf3 Re6 40.
Rxe6 Kxe6 41. Kf4 f6 42. f3 Kd5 43. g4 Ke6 44. gxh5 gxh5 45. Ke4 1-0

[Event "*** SCC Grand Prix: Titled Tuesday Blitz"]
[Site "Chess.com"]
[Date "2020.10.13"]
[Round "10"]
[White "PawnEatingZombie"]
[Black "Flopezin"]
[Result "0-1"]
[WhiteElo "2197"]
[BlackElo "2367"]
[TimeControl "180+1"]
[EndTime "11:54:33 PDT"]
[Termination "Flopezin won by resignation"]

1. d4 Nf6 2. c4 e6 3. Nc3 Bb4 4. Qc2 O-O 5. e4 d5 6. e5 Ne4 7. Bd3 c5 8. Nf3 cxd4 9. Nxd4 Nd7 10. Bf4 Qh4 11. g3 Qh5 12. h4 Nxe5 13. Be2 Qg6 14.
Bxe5 f6 15. Bf4 e5 16. cxd5 exf4 17. Bd3 Re8 18. O-O-O Bxc3 19. bxc3 fxg3 20. h5 Qg5+ 21. Kb1 Nxf2 22. Bxh7+ Kh8 23. Nf3 Qh6 24. Bg6 Nxd1 25. Rxd1 Bg4 26. Bxe8 Rxe8 27. Nh4 Bxd1 28. Ng6+ Kg8 29.
Qxd1 Qe3 30. d6 g2 31. Qd5+ Qe6 32. Qxg2 Qxd6 33. h6 Qd1+ 34. Kb2 Re2+ 35. Qxe2 Qxe2+ 0-1

[Event "*** SCC Grand Prix: Titled Tuesday Blitz"]
[Site "Chess.com"]
[Date "2020.10.13"]
[Round "10"]
[White "chessfrendz"]
[Black "Kaslask"]
[Result "1-0"]
[WhiteElo "2390"]
[BlackElo "2273"]
[TimeControl "180+1"]
[EndTime "11:54:34 PDT"]
[Termination "chessfrendz won by resignation"]

1. d4 Nf6 2. Nf3 e6 3. e3 c5 4.
c3 b6 5. Bd3 Bb7 6. Nbd2 Be7 7.
e4 cxd4 8. cxd4 d5 9. e5 Ne4 10.
O-O h6 11. Qe2 Nxd2 12. Bxd2 O-O 13. b4 b5 14. Bxb5 Qb6 15. a3 Ba6 16. Bxa6 Nxa6 17. Rfc1 Rfc8 18. Qd3 Nc7 19. a4 a6 20. Rab1 Rab8 21.
Ne1 Ne8 22. Rxc8 Rxc8 23. b5 Rc4 24. Nc2 axb5 25. Rxb5 Qa7 26. a5 Nc7 27. Rb1 Na6 28. h3 Bf8 29. Rb6 Nb8 30. Ne3 Rc6 31.
Qb3 Rc8 32. Qb5 Qa8 33. Rb7 Na6 34. Qd7 Kh8 35. Qxf7 Nb8 36. Ng4 Nc6 37. Bxh6 Ne7 38. Bxg7+ Bxg7 39. Rxe7 Rc1+ 40. Kh2 Qg8 41. Qh5+ Qh7 42.
Re8+ 1-0

[Event "*** SCC Grand Prix: Titled Tuesday Blitz"]
[Site "Chess.com"]
[Date "2020.10.13"]
[Round "10"]
[White "Chessalary"]
[Black "boasovietica"]
[Result "1-0"]
[WhiteElo "2308"]
[BlackElo "2398"]
[TimeControl "180+1"]
[EndTime "11:54:35 PDT"]
[Termination "Chessalary won on time"]

1. d4 Nf6 2. c4 g6 3. Nc3 Bg7 4. e4 O-O 5. Be2 d6 6. Bg5 c5 7.
d5 e5 8. h4 a6 9. a4 Qc7 10. g4 Ne8 11. h5 f5 12. hxg6 hxg6 13. gxf5 gxf5 14. Bh5 Nf6 15. Bg6 fxe4 16. Bxf6 Rxf6 17.
Bh7+ Kf8 18. Nxe4 Rf4 19. Ne2 Qb6 20. Nxf4 exf4 21. Qf3 Qb4+ 22. Nd2 Qxb2 23. Qxf4+ Qf6 24. Qxf6+ Bxf6 25. Rb1 Nd7 26. Ne4 Be5 27. f4 Bd4 28. Nxd6 Nf6 29. Nxc8 Rxc8 30. Rxb7 Re8+ 31. Kd1 Re3 32.
Bg6 Ng4 33. Rf7+ Kg8 34. Rg1 Nf2+ 35. Kd2 1-0

[Event "*** SCC Grand Prix: Titled Tuesday Blitz"]
[Site "Chess.com"]
[Date "2020.10.13"]
[Round "10"]
[White "Srisshhhtea"]
[Black "Das_Virus_2020"]
[Result "0-1"]
[WhiteElo "2282"]
[BlackElo "2404"]
[TimeControl "180+1"]
[EndTime "11:54:35 PDT"]
[Termination "Das_Virus_2020 won by resignation"]

1. d4 Nf6 2. c4 c5 3. d5 b5 4. Nd2 b4 5. e4 d6 6. Bd3 g6 7. Ngf3 Bg7 8. O-O O-O 9. Re1 Bg4 10. h3 Bxf3 11. Nxf3 Nfd7 12. Kh1 Ne5 13. Nxe5 Bxe5 14. f4 Bg7 15. a3 bxa3 16. Rxa3 Nd7 17. Bb1 Qb6 18. Qc2 Rab8 19. Re2 Rfe8 20. Rae3 e6 21.
dxe6 Rxe6 22. e5 dxe5 23. f5 Ree8 24. Rd3 Nf6 25. fxg6 hxg6 26. Red2 e4 27. Rd6 Qc7 28. Qd1 e3 29. Re2 Nh5 30. Rxe3 Rxe3 31. Bxe3 Re8 32.
Bf2 Bd4 33. Rxd4 cxd4 34. Qxd4 Ng3+ 35. Bxg3 Qxg3 36. Be4 Qe1+ 37. Kh2 Qxe4 0-1

[Event "*** SCC Grand Prix: Titled Tuesday Blitz"]
[Site "Chess.com"]
[Date "2020.10.13"]
[Round "10"]
[White "wannabe2700"]
[Black "MathiasWomacka"]
[Result "0-1"]
[WhiteElo "2684"]
[BlackElo "2508"]
[TimeControl "180+1"]
[EndTime "11:54:36 PDT"]
[Termination "MathiasWomacka won by resignation"]

1. d4 Nf6 2. c4 e6 3. Nc3 Bb4 4. f3 O-O 5. e4 d5 6. e5 Nfd7 7. cxd5 exd5 8. Bd3 c5 9. Ne2 cxd4 10. Nxd4 Nxe5 11. O-O Nbc6 12. Nxc6 bxc6 13. Be3 d4 14.
Bxh7+ Kxh7 15. Bxd4 Ng6 16. Ne4 Bf5 17. Ng3 Be6 18. f4 c5 19. Qh5+ Kg8 20. Be3 Qd3 21.
Bc1 Bc4 22. f5 Qd4+ 23. Rf2 Be1 24. fxg6 Bxf2+ 25. Kh1 fxg6 26. Qxg6 Bxg3 27. Bh6 Be5 28. h4 Qxh4+ 29. Kg1 Bd4+ 0-1

[Event "*** SCC Grand Prix: Titled Tuesday Blitz"]
[Site "Chess.com"]
[Date "2020.10.13"]
[Round "10"]
[White "zverr1"]
[Black "Matols"]
[Result "1-0"]
[WhiteElo "2404"]
[BlackElo "2231"]
[TimeControl "180+1"]
[EndTime "11:54:36 PDT"]
[Termination "zverr1 won on time"]

1. e4 e6 2. d3 d5 3. Nd2 c5 4. g3 Nc6 5. Bg2 Nf6 6. Ngf3 g6 7. O-O Bg7 8. Re1 O-O 9. c3 b6 10. Qe2 Re8 11. Nf1 Bb7 12. e5 Nd7 13. Bf4 f6 14. d4 fxe5 15. dxe5 Qe7 16. h4 Rf8 17. Rad1 Rae8 18. N1h2 Nd8 19. Ng4 Nf7 20. Qe3 Kh8 21. Kh2 h5 22. Nh6 Nxh6 23. Bxh6 d4 24. cxd4 cxd4 25.
Rxd4 Bxf3 26. Bxf3 Nxe5 27. Bxg7+ Qxg7 28. Qxe5 Rxf3 29.
Kg2 Ref8 30. Rd2 Qxe5 31. Rxe5 R8f6 32. Rde2 Kg7 33. Rxe6 Rxf2+ 34. Rxf2 Rxe6 35. Rd2 Re7 36. Kf3 Kf6 37. Kf4 Rc7 38. Rd6+ Kg7 39. b4 1-0

[Event "*** SCC Grand Prix: Titled Tuesday Blitz"]
[Site "Chess.com"]
[Date "2020.10.13"]
[Round "10"]
[White "Manukyan_Artak"]
[Black "chenxiaoyuer"]
[Result "0-1"]
[WhiteElo "2331"]
[BlackElo "2527"]
[TimeControl "180+1"]
[EndTime "11:54:37 PDT"]
[Termination "chenxiaoyuer won by checkmate"]

1. e4 c5 2. Nf3 d6 3. Bb5+ Nd7 4. O-O Nf6 5. Re1 a6 6. Bd3 g6 7.
a4 Bg7 8. c3 O-O 9. Bc2 c4 10. d4 cxd3 11. Qxd3 Nc5 12. Qe2 Bg4 13. h3 Bxf3 14. Qxf3 Nfd7 15. Qe2 Ne5 16. f4 Nc6 17. Nd2 Rb8 18. Nf3 b5 19. axb5 axb5 20. e5 dxe5 21.
fxe5 Ne6 22. Bb3 Qc8 23. h4 b4 24. Bxe6 Qxe6 25. Bf4 bxc3 26. bxc3 Ra8 27. Rxa8 Rxa8 28. Ng5 Qd5 29. e6 f6 30. Nf3 Ra2 31. Qe4 Qc5+ 32.
Qe3 Qf5 33. Qe4 Qg4 34. Qxc6 Qxg2# 0-1